 Dungeon Crawl Stone Soup version 0.28-a0-429-g1448048969 (webtiles) character file.

Game seed: 12958679941665216744

10508 MacCMillion the Spear-Bearer (level 11, -7/82 (84) HPs)
             Began as a Demonspawn Fighter on Sept 9, 2021.
             Was an Elder of Yredelemnul.
             Mangled by a large abomination (29 damage)
             ... on level 11 of the Dungeon.
             The game lasted 00:44:34 (10813 turns).

MacCMillion the Spear-Bearer (Demonspawn Fighter)  Turns: 10813, Time: 00:44:35

HP:   -7/82 (84)    AC: 15    Str: 19    XL:     11   Next: 37%
MP:   17/17         EV:  8    Int: 10    God:    Yredelemnul [****..]
Gold: 347           SH:  6    Dex: 19    Spells: 6/10 levels left

rFire   . . .      SeeInvis .   e - +5 trident (freeze)
rCold   . . .      Faith    .   c - +0 buckler
rNeg    . . .      Spirit   .   v - +0 plate armour
rPois   .          Reflect  .   (helmet restricted)
rElec   .          Harm     .   E - +0 cloak
rCorr   .          Rampage  .   (no gloves)
Will    +....                   r - +0 pair of boots
Stlth   ..........              s - amulet of regeneration
HPRegen 0.00/turn               h - +6 ring of dexterity
MPRegen 0.30/turn               m - ring of willpower

@: lethally poisoned (-7 -> -14), diseased, hasted and slowed, lightly drained
A: antennae 1, powered by pain 1, magic regeneration, sturdy frame 2
a: Renounce Religion, Recall Undead Slaves, Injury Mirror, Animate Dead, Drain
Life


You were on level 11 of the Dungeon.
You worshipped Yredelemnul.
Yredelemnul was greatly pleased with you.
You visited 2 branches of the dungeon, and saw 12 of its levels.
You visited the Abyss 1 time.

You collected 1551 gold pieces.
You spent 1204 gold pieces at shops.

Inventory:

Hand Weapons
 a - a +0 trident
 e - a +5 trident of freezing (weapon)
 l - a +0 halberd
 n - a +0 spear
Missiles
 p - 38 poisoned darts
 y - 14 boomerangs
 J - a throwing net
Armour
 b - a +0 scale mail
 c - a +0 buckler (worn)
 r - a +0 pair of boots (worn)
 v - a +0 plate armour (worn)
 E - a +0 cloak (worn)
Jewellery
 h - a +6 ring of dexterity (left hand)
 m - a ring of willpower (right hand)
 s - an amulet of regeneration (around neck)
 D - a ring of positive energy
Wands
 H - a wand of charming (11)
 L - a wand of flame (37) (quivered)
 M - a wand of digging (6)
Scrolls
 d - a scroll of amnesia {unknown}
 j - 5 scrolls of teleportation
 t - a scroll of vulnerability
 w - 3 scrolls of enchant armour
 x - 2 scrolls of fog
 B - a scroll of noise
 C - 4 scrolls of magic mapping {unknown}
 G - a scroll of torment {unknown}
 I - 3 scrolls of immolation {unknown}
Potions
 f - a potion of magic {unknown}
 g - a potion of resistance
 i - 3 potions of brilliance
 k - 2 potions of lignification {unknown}
 q - 3 potions of flight
 u - a potion of cancellation
 z - 2 potions of attraction
 A - a potion of degeneration {unknown}
 F - 2 potions of heal wounds


   Skills:
 + Level 7.2 Fighting
 + Level 10.5 Polearms
 + Level 6.9 Armour
 - Level 4.0 Shields
 - Level 7.5 Necromancy
 * Level 9.2 Invocations


You had 6 spell levels left.
You knew the following spells:

 Your Spells              Type           Power      Damage    Failure   Level
a - Animate Dead          Necr           7%         N/A       77%         4

Your spell library contained the following spells:

 Spells                   Type           Power      Damage    Failure   Level
 Foxfire                  Conj/Fire      0%         2x1d4     95%         1
 Sting                    Tmut/Pois      0%         1d3       95%         1
 Poisonous Vapours        Pois/Air       0%         N/A       99%         2
 Conjure Flame            Conj/Fire      0%         6-21      100%        3
 Ignite Poison            Fire/Tmut/Pois 0%         N/A       100%        3
 Inner Flame              Hex/Fire       0%         N/A       100%        3
 Flame Wave               Conj/Fire      0%         3d3       100%        4
 Olgreb's Toxic Radiance  Pois           0%         N/A       100%        4
 Sticky Flame             Conj/Fire      0%         2d3       100%        4
 Haunt                    Necr/Summ      3%         N/A       100%        7
 Ozocubu's Refrigeration  Ice            0%         4d5       100%        7
 Ignition                 Fire           0%         3d3       100%        8
 Infestation              Necr           7%         N/A       100%        8


Dungeon Overview and Level Annotations

Branches:
Dungeon (11/15)            Temple (1/1) D:4
   Lair: D:8-11         Orc: D:9-12

Altars:
Ashenzari
Cheibriados
Dithmenos
Elyvilon
Fedhas
Gozag
Hepliaklqana
Kikubaaqudgha
Makhleb
Nemelex Xobeh
Okawaru
Qazlal
Ru
Sif Muna
Trog
Uskayaw
Vehumet
Wu Jian
Xom
Yredelemnul
Zin
The Shining One

Shops:
D:1 *   D:2 =**?*   D:8 [?=(

Annotations:
D:4 2 transporters, yegreS's ghost, amateur MiFi
D:10 Sonja


Innate Abilities, Weirdness & Mutations

You have a pair of small antennae on your head.
You sometimes gain a little power by taking damage.
You regenerate magic rapidly.
Your movements are less encumbered by armour. (ER -4)


Message History

Okay, then.
Blink to where?
Press: ? - help, Dir - move target A flying skull and a raiju come into view.
Found a scroll of identify and 26 stones.
As you read the scroll of blinking, it crumbles to dust.
The raiju barks!
The flying skull gives a hideous shriek!
The white imp gestures at you.
The puff of frost hits something.
The white imp gestures at you. The puff of frost hits you.
You feel ill. The large abomination hits you.
You pass through the gate.
Welcome back to the Dungeon!
Level annotation: Sonja Reactivating autopickup.
Sonja throws a curare-tipped dart.
The curare-tipped dart hits you.
You are poisoned.
You have difficulty breathing.
You feel yourself slow down.
There is a stone staircase leading down here.
You feel very sick.
The white imp hits you but does no damage.
Sonja throws a curare-tipped dart.
The curare-tipped dart hits you.
You are more poisoned.
You have difficulty breathing.
You feel as though you will be slow longer.
The large abomination hits you but does no damage.
You climb downwards.
You feel very sick.
There is a stone staircase leading up here.
Okay, then.
You feel yourself speed up.
You feel very sick.
The white imp hits you but does no damage.
The large abomination closely misses you.
The white imp gestures at you. You block the puff of frost.
You feel sick. The large abomination hits you!!
You die...
Your body rises from the dead as a mindless zombie.

≈#≈ # ≈≈≈. .####
....#######....#
................
..............#
#..........#
#.....X@..#
#...##<##......
# #5# ..... #.#
.... ..# ... ..#
## ##.. ... #.#


You could see a large abomination and a white imp.

Vanquished Creatures
  Josephine (D:9)
  A boulder beetle (D:10)
  A two-headed ogre (D:9)
  A deep elf pyromancer (D:10)
  An unseen horror (D:9)
  A kobold demonologist (D:9)
  A troll (D:10)
  Grinder (D:6)
  13 yaks
  2 steam dragons
  5 wraiths
  A water moccasin (D:3)
  An ice beast (D:6)
  An orc warrior (D:8)
  A black bear (D:5)
  3 necrophages
  2 ogres
  6 centaurs
  A phantom (D:7)
  2 kobold brigands
  A bullfrog (D:8)
  A scorpion (D:4)
  A wyvern zombie (D:8)
  A water moccasin skeleton (D:7)
  5 killer bees (D:9)
  3 wights (D:8)
  A howler monkey (D:5)
  2 electric eels (D:8)
  A bullfrog zombie (D:7)
  A jelly (D:4)
  A hound (D:7)
  7 orc priests
  A gnoll shaman (D:7)
  3 bullfrog skeletons
  A centaur skeleton (D:4)
  3 iguanas
  10 orc wizards
  A killer bee zombie (D:7)
  A howler monkey zombie (D:10)
  A howler monkey skeleton (D:7)
  10 gnolls
  8 adders
  A shadow imp (D:6)
  2 white imps
  An ufetubus (D:7)
  An adder skeleton (D:4)
  A worm (D:4)
  2 dart slugs
  28 orcs
  6 bats
  4 endoplasms
  7 giant cockroaches
  8 goblins
  6 hobgoblins
  8 jackals
  12 kobolds
  3 quokkas
  5 ball pythons
  11 frilled lizards
  2 goblin zombies (D:7)
  A kobold zombie (D:7)
  4 orc skeletons (D:7)
  3 orc zombies (D:7)
  7 rats
  A bush (D:8)
234 creatures vanquished.

Vanquished Creatures (collateral kills)
  A two-headed ogre (D:9)
  A hornet (D:9)
  A shadow (D:10)
  A wyvern (D:9)
  2 yaks (D:9)
  A water moccasin (D:9)
  An orc warrior (D:8)
  A centaur (D:10)
  A kobold brigand (D:9)
  5 killer bees (D:9)
  An orc wizard (D:9)
  A howler monkey zombie (D:9)
  2 orcs
  3 kobolds (D:9)
22 creatures vanquished.

Vanquished Creatures (others)
  3 flying skulls
  A shadow (D:10)
  A yak (D:10)
  2 orc warriors (D:10)
  A gnoll sergeant (D:10)
  A wight (D:10)
  A centaur zombie (D:10)
  A mummy (D:9)
  A white imp (Abyss:3)
  A yak zombie (D:9)
  An orc zombie (D:8)
  7 plants (D:1)
21 creatures vanquished.

Grand Total: 277 creatures vanquished

Notes
Turn   | Place    | Note
-------+----------+-------------------------------------------
     0 | D:1      | MacCMillion the Demonspawn Fighter began the quest for the
                  | Orb.
     0 | D:1      | Reached XP level 1. HP: 18/18 MP: 1/1
     8 | D:1      | Found Wyoghi's Assorted Antiques.
    94 | D:1      | Gained mutation: You have a pair of small antennae on your
                  | head. [demonic ancestry]
    94 | D:1      | Reached XP level 2. HP: 17/24 MP: 2/2
   269 | D:1      | Found a faded altar of an unknown god.
   304 | D:1      | Reached skill level 2 in Polearms
   878 | D:1      | Gained mutation: You sometimes gain a little power by
                  | taking damage. [demonic ancestry]
   878 | D:1      | Reached XP level 3. HP: 25/29 MP: 3/3
   986 | D:2      | Found Moghem's Jewellery Emporium.
  1077 | D:2      | Found Haitunats's General Store.
  1274 | D:2      | Bought a scroll of identify for 22 gold pieces
  1274 | D:2      | Bought a scroll of teleportation for 33 gold pieces
  1305 | D:2      | Found Afe Picw's Assorted Antiques.
  1684 | D:2      | Reached XP level 4. HP: 35/35 MP: 4/4
  2202 | D:2      | Found Tetoz's Magic Scroll Emporium.
  2211 | D:2      | Bought a scroll of identify for 28 gold pieces
  2211 | D:2      | Bought a scroll of identify for 28 gold pieces
  2404 | D:2      | Found Itoan's Assorted Antiques.
  3815 | D:4      | Identified a scroll of acquirement
  3817 | D:4      | Acquired 863 gold pieces
  3879 | D:4      | Noticed an ogre
  3925 | D:4      | Gained mutation: Your movements are slightly less
                  | encumbered by armour. (ER -2) [demonic ancestry]
  3925 | D:4      | Reached XP level 5. HP: 42/42 MP: 5/5
  4096 | D:2      | Bought a +4 trident of freezing for 311 gold pieces
  4096 | D:2      | Bought a scroll of identify for 22 gold pieces
  4122 | D:2      | Bought a ring of willpower for 250 gold pieces
  4122 | D:2      | Bought an amulet of regeneration for 300 gold pieces
  4171 | D:2      | Bought a scroll labelled JUTRENIMMU for 19 gold pieces
  4171 | D:2      | Bought a sedimented cyan potion for 17 gold pieces
  4171 | D:2      | Bought a scroll of identify for 38 gold pieces
  4214 | D:4      | Found a staircase to the Ecumenical Temple.
  4233 | Temple   | Entered the Ecumenical Temple
  4312 | Temple   | Became a worshipper of Yredelemnul the Dark
  4369 | D:4      | Reached skill level 3 in Polearms
  4660 | D:5      | Entered Level 5 of the Dungeon
  4885 | D:5      | Reached XP level 6. HP: 48/48 MP: 6/6
  4913 | D:5      | Learned a level 4 spell: Animate Dead
  4994 | D:5      | Reached skill level 1 in Necromancy
  5049 | D:5      | Noticed a yak
  5050 | D:5      | Noticed a yak
  5051 | D:5      | Noticed a yak
  5054 | D:5      | Noticed a yak
  5058 | D:4      | Noticed a water moccasin
  5082 | D:3      | Killed a water moccasin
  5083 | D:3      | Reached skill level 4 in Polearms
  5083 | D:3      | Reached XP level 7. HP: 44/55 MP: 7/7
  5089 | D:3      | Killed a yak
  5127 | D:3      | Killed a yak
  5128 | D:3      | Reached skill level 5 in Fighting
  5152 | D:4      | Found a transporter.
  5152 | D:4      | Noticed yegreS's ghost (amateur MiFi)
  5160 | D:4      | Reached skill level 5 in Polearms
  5177 | D:4      | Found a transporter.
  5200 | D:4      | Reached XP level 8. HP: 62/62 MP: 8/8
  5221 | D:4      | Reached * piety under Yredelemnul
  5261 | D:4      | Found a sacrificial altar of Ru.
  5392 | D:4      | Reached skill level 5 in Armour
  5635 | D:4      | Reached skill level 6 in Polearms
  5912 | D:5      | Reached skill level 5 in Necromancy
  6175 | D:5      | Reached skill level 7 in Polearms
  6196 | D:5      | Reached ** piety under Yredelemnul
  6394 | D:2      | Bought a scroll of identify for 28 gold pieces
  6395 | D:2      | Bought a scroll of noise for 14 gold pieces
  6421 | D:2      | Bought a scroll of identify for 38 gold pieces
  6492 | D:6      | Gained mutation: Your movements are less encumbered by
                  | armour. (ER -4) [demonic ancestry]
  6492 | D:6      | Reached XP level 9. HP: 65/68 MP: 9/9
  6569 | D:6      | Noticed a gargoyle
  6839 | D:6      | Noticed Grinder
  6880 | D:6      | Killed Grinder
  6981 | D:7      | Reached skill level 8 in Polearms
  7392 | D:7      | Reached *** piety under Yredelemnul
  7766 | D:7      | Reached skill level 9 in Polearms
  8079 | D:8      | Found Naefe's Armour Emporium.
  8208 | D:8      | Received a gift from Yredelemnul (3 flying skulls)
  8286 | D:9      | Found a hide-covered altar of Uskayaw.
  8355 | D:9      | Reached skill level 1 in Invocations
  8448 | D:9      | Gained mutation: You regenerate magic rapidly. [demonic
                  | ancestry]
  8448 | D:9      | Reached XP level 10. HP: 74/74 MP: 10/10
  8571 | D:9      | Noticed a two-headed ogre
  8579 | D:9      | Killed a two-headed ogre
  8659 | D:9      | Reached **** piety under Yredelemnul
  8920 | D:9      | Reached skill level 5 in Invocations
  8985 | D:10     | Entered Level 10 of the Dungeon
  9039 | D:10     | Noticed a boulder beetle
  9077 | D:10     | Noticed a two-headed ogre
  9086 | D:9      | Reached skill level 10 in Polearms
  9225 | D:9      | Killed a two-headed ogre
  9382 | D:8      | Found Wuynoddo's Jewellery Shop.
  9437 | D:8      | Found Kaexovali's Magic Scroll Emporium.
  9670 | D:8      | Found Ypnec's Antique Weapon Boutique.
  9786 | D:8      | Found a burning altar of Makhleb.
  9905 | D:8      | Bought a scroll of fog for 28 gold pieces
  9905 | D:8      | Bought a scroll of identify for 28 gold pieces
 10102 | D:10     | Found a sparkling altar of Nemelex Xobeh.
 10102 | D:10     | Found an ancient bone altar of Kikubaaqudgha.
 10220 | D:10     | Found a shimmering altar of Xom.
 10258 | D:10     | Found a stormy altar of Qazlal.
 10413 | D:9      | Received a gift from Yredelemnul (a mummy)
 10414 | D:9      | Reached XP level 11. HP: 48/83 MP: 16/16
 10449 | D:10     | Noticed Josephine
 10545 | D:9      | Killed Josephine
 10635 | D:10     | Killed a boulder beetle
 10659 | D:10     | Found a broken altar of Ashenzari.
 10673 | D:10     | Noticed a deep elf pyromancer
 10679 | D:10     | Killed a deep elf pyromancer
 10705 | D:10     | Noticed Sonja
 10724 | D:10     | Cast into level 2 of the Abyss (Sonja)
 10778 | Abyss:3  | Noticed a lich
 10785 | Abyss:3  | Found a corrupted altar of Lugonu.
 10809 | D:10     | Escaped the Abyss
 10813 | D:11     | Mangled by a large abomination

Illustrated notes

Levels and vault maps discovered:
D:1:      roderic_dead_forest, layout_basic,
          shapermc_ecumenical_altar_mp_ritualfount, serial_shops,
          nicolae_shop_stone, minmay_lizard_king
D:2:      layout_basic, serial_corexii_hall, corexii_hall_statues_x,
          chequers_hall_statues_wall_a, serial_shops, nicolae_shop_statue_plus,
          shop, nicolae_diamond_shop, shop_statue, nicolae_diamond_shop,
          minmay_octomino_j4
D:3:      layout_loops_corners
D:4:      layout_cave_pools, general_overflow_altar, temple_fountains,
          gammafunk_ghost_mausoleum
D:5:      layout_loops_ring, feat_on_display
D:6:      layout_basic, grunt_ministairs_11, uniq_grinder
D:7:      layout_basic, nicolae_tso_besieged_by_evil
D:8:      layout_basic, lemuel_tele_altar, serial_shops,
          nicolae_inconvenience_store, nicolae_shop_trees, nicolae_diamond_shop,
          nicolae_diamond_shop, minmay_misc_feat_square, minmay_hedge_maze
D:9:      minmay_spotlight, layout_loops_cross, old_standard_altar
D:10:     layout_roguey, lemuel_doored_altar, xom_confusion_cloud,
          gammafunk_temple_overflow_wave, mainiacjoe_overflow_alcove_2,
          dk_noncrumbling_3, uniq_josephine, uniq_sonja
D:11:     layout_rooms, grunt_lair_entry_orc_guard_hut, nicolae_lava_and_water
Temple:   nicolae_temple_god_jail

Skill      XL: |  1  2  3  4  5  6  7  8  9 10 11 |
---------------+----------------------------------+-----
Polearms       | 2 3 4 5 7 9 10 | 10.5
Shields        | 3 4 |  4.0
Armour         | 3 4 5 6 |  6.9
Fighting       | 4 5 6 7 |  7.2
Necromancy     | 2 3 5 7 |  7.5
Invocations    | 1 7 9 |  9.2

Action                   |  1- 3 |  4- 6 |  7- 9 | 10-12 || total
-------------------------+-------+-------+-------+-------++-------
Melee: Trident           |   133 |   205 |   394 |   238 ||   970
       Spear             |       |    13 |       |       ||    13
Invok: Animate Dead      |       |       |     1 |     1 ||     2
Evoke: Wand              |       |       |       |     5 ||     5
  Use: Scroll            |     1 |     8 |     5 |     2 ||    16
       Potion            |       |       |     2 |     3 ||     5
 Stab: Distracted        |       |       |       |     2 ||     2
Armor: Scale mail        |    42 |    65 |       |       ||   107
       Plate armour      |       |    36 |   159 |    81 ||   276
Dodge: Dodged            |    47 |   132 |    77 |    67 ||   323
Block: Buckler           |    24 |    54 |    95 |    48 ||   221

Table legend: (Time is in decaauts)
 A = Elapsed time spent in this place.
 B = Non-inter-level travel time spent in this place.
 C = Inter-level travel time spent in this place.
 D = Time resting spent in this place.
 E = Time spent auto-exploring this place.
 F = Levels seen in this place.
 G = Mean time per level.
                   A        B        C        D        E       F      G
               +--------+--------+--------+--------+--------+-----+--------+
         Total |  10855 |  10163 |    692 |   1097 |   6409 |  14 |  775.4 |
       Dungeon |  10645 |   9964 |    681 |   1052 |   6362 |  11 |  967.7 |
        Temple |     99 |     88 |     11 |      0 |     47 |   1 |   99.0 |
         Abyss |    111 |    111 |      0 |     45 |      0 |   2 |   55.5 |
               +--------+--------+--------+--------+--------+-----+--------+

Top non-repeatable levels by time:
     D:2: 1750 daAuts
     D:1: 1298 daAuts
     D:3: 1213 daAuts
     D:9: 1203 daAuts
     D:4: 1134 daAuts
     D:5: 1079 daAuts
     D:7: 1071 daAuts
     D:8: 1027 daAuts
    D:10: 467 daAuts
     D:6: 397 daAuts
  Temple: 99 daAuts
 Abyss:2: 62 daAuts
 Abyss:3: 48 daAuts
    D:11: 2 daAuts
